 Dungeon Crawl Stone Soup version 0.28-a0-1184-g53156a8862 (webtiles) character file.

Game seed: 10806904862488992108

256 ytrimaz the Insei (level 6, 0/41 HPs)
             Began as an Octopode Transmuter on Dec 17, 2021.
             Slain by a scorpion (7 damage)
             ... on level 4 of the Dungeon.
             The game lasted 00:03:53 (4813 turns).

ytrimaz the Insei (Octopode Transmuter)             Turns: 4813, Time: 00:03:53

Health: 0/41       AC:  1    Str:  8 (9)  XL:     6   Next: 15%
Magic:  10/10      EV: 13    Int: 16 (18) God:
Gold:   188        SH:  0    Dex: 12      Spells: 5/11 levels left

rFire   . . .      SeeInvis .     - Unarmed
rCold   . . .      Faith    .   (no shield)
rNeg    . . .      Spirit   .   (helmet currently unavailable)
rPois   .          Reflect  .   (no amulet)
rElec   .          Harm     .   (no ring)
rCorr   .          Rampage  .   (no ring)
Will    .....                   (no ring)
Stlth   ++........              (no ring)
HPRegen 0.13/turn               (no ring)
MPRegen 0.12/turn               (no ring)
                                (no ring)
                                (no ring)

@: appendages (expiring)
A: tentacle spike 3, almost no armour, amphibious, 8 rings, camouflage 1,
gelatinous body 1, (nimble swimmer 1), tentacles
a: End Transformation


You were on level 4 of the Dungeon.
One of your tentacles had grown a beastly spike.
You visited 1 branch of the dungeon, and saw 4 of its levels.

You collected 188 gold pieces.

Inventory:

Scrolls
 a - a scroll of brand weapon
Potions
 b - a potion of flight {unknown}
 c - a potion of magic


   Skills:
 * Level 2.5 Fighting
 * Level 2.9 Dodging
 + Level 3.9 Unarmed Combat
 * Level 3.3 Spellcasting
 * Level 3.3 Transmutations
 + Level 0.3 Poison Magic


You had 5 spell levels left.
You knew the following spells:

 Your Spells              Type           Power      Damage    Failure   Level
a - Beastly Appendage     Tmut           26%        N/A       4%          1
b - Wereblood             Tmut           13%        N/A       7%          2
c - Spider Form           Tmut/Pois      8%         N/A       26%         3

Your spell library contained the following spells:

 Spells                   Type           Power      Damage    Failure   Level
 Ice Form                 Ice/Tmut       8%         N/A       65%         4


Dungeon Overview and Level Annotations

Branches:
Dungeon (4/15)
 Temple: D:4-7

Altars:
Dithmenos
Xom

Annotations:
D:4 1 runed translucent door, lonewolfV2's ghost, amateur DrBe


Innate Abilities, Weirdness & Mutations

One of your tentacles has grown a beastly spike.
You cannot wear most types of armour.
You are amphibious.
You can wear up to eight rings at the same time.
Your skin changes colour to match your surroundings (Stealth+).
Your rubbery body absorbs attacks. (AC +1, EV +1)
((You are camouflaged near water. (Stealth+)))
You have tentacles for arms and can constrict up to eight enemies at once.


Message History

You kill the kobold!
A scorpion comes into view.
There are monsters nearby!
A quokka comes into view.
Things that are here:
a +0 short sword; 3 stones; a kobold corpse You tentacle-slap the phantom.
You pierce the phantom.
Your squeeze misses the phantom.
The phantom is heavily damaged.
The phantom barely misses you.
You closely miss the phantom.
You pierce the phantom.
The phantom is heavily damaged.
The phantom misses you.
You barely miss the phantom.
The phantom is heavily damaged.
The phantom hits you.
You completely miss the phantom.
Your tentacle spike misses the phantom.
The phantom is heavily damaged.
The phantom hits you!
The phantom blinks!
You blink.
An adder comes into view.
Found a pair of gloves.
Unknown command.
You closely miss the phantom.
The phantom is heavily damaged.
Your transformation is almost over.
The adder hisses angrily.
The phantom hits you. The quokka bites you.
You barely miss the phantom.
Your tentacle spike misses the phantom.
The phantom is heavily damaged.
The phantom hits you!
* * * LOW HITPOINT WARNING * * *
The phantom blinks!
You blink.
The scorpion stings you but does no damage.
The phantom misses you.
Unknown command.
Found 12 gold pieces.
The scorpion stings you.
* * * LOW HITPOINT WARNING * * *
The scorpion stings you!
You die...

....#≈≈S# ####...#≈W≈#
.. ......#≈≈≈# .
#....#≈≈≈# #.##
#....#≈≈≈#
#.#..#....#r≈≈# .
#........r##+##....
.........W@.......
#####.##....s...####.
#.........S.........
.........#...#..#####
...........###.##
.............#.##
..........##)...#####.##
[....#.....###..........
##......#.......<..####


You could see a phantom, a scorpion, lonewolfV2's ghost (dormant), 2 adders and
2 quokkas.

Vanquished Creatures
  Jessica (D:3)
  An orc wizard (D:3)
  Natasha (thrice) (D:2)
  4 gnolls (D:3)
  2 adders (D:2)
  A worm (D:2)
  4 orcs (D:3)
  5 endoplasms
  2 giant cockroaches
  9 goblins
  4 hobgoblins
  5 quokkas
  7 ball pythons
  3 bats
  4 frilled lizards
  12 kobolds
  5 rats
72 creatures vanquished.

Vanquished Creatures (collateral kills)
  A frilled lizard (D:1)
1 creature vanquished.

Grand Total: 73 creatures vanquished

Notes
Turn   | Place    | Note
-------+----------+-------------------------------------------
     0 | D:1      | ytrimaz the Octopode Transmuter began the quest for the
                  | Orb.
     0 | D:1      | Reached XP level 1. HP: 13/13 MP: 3/3
   315 | D:1      | Found a faded altar of an unknown god.
   383 | D:1      | Reached XP level 2. HP: 18/18 MP: 5/5
   774 | D:1      | Learned a level 2 spell: Wereblood
  1432 | D:2      | Reached XP level 3. HP: 16/23 MP: 3/6
  1760 | D:2      | Noticed Natasha
  1769 | D:2      | Learned a level 3 spell: Spider Form
  1784 | D:2      | Killed Natasha
  1785 | D:2      | Reached XP level 4. HP: 11/28 MP: 3/7
  2624 | D:2      | Found a shimmering altar of Xom.
  2794 | D:2      | Noticed Natasha
  2800 | D:2      | Killed Natasha
  2834 | D:2      | Noticed Natasha
  2842 | D:2      | Killed Natasha
  2843 | D:2      | Reached XP level 5. HP: 11/34 MP: 5/9
  3396 | D:3      | Found a shadowy altar of Dithmenos.
  4420 | D:3      | Noticed Jessica
  4439 | D:3      | Killed Jessica
  4440 | D:3      | Reached XP level 6. HP: 28/41 MP: 4/10
  4799 | D:4      | Found a runed translucent door.
  4812 | D:4      | Noticed lonewolfV2's ghost (amateur DrBe)
  4813 | D:4      | Slain by a scorpion

Illustrated notes

Levels and vault maps discovered:
D:1:      amcnicky_arrival_double_pillar, layout_basic, basic_ecumenical_altar
D:2:      cheibrodos_helix_gallery, layout_loops_ring, basic_altar, uniq_natasha
D:3:      layout_basic, nicolae_dithmenos_through_a_glass_darkly, uniq_jessica
D:4:      layout_rooms, ebering_ghost_sewer_f, grunt_decor_clamped

Skill      XL: |  1  2  3  4  5 |
---------------+----------------+-----
Fighting       | 2 |  2.5
Spellcasting   | 3 |  3.3
Transmutations | 3 |  3.3
Dodging        | |  2.9
Unarmed Combat | |  3.9
Poison Magic   | |  0.3

Action                   |  1- 3 |  4- 6 || total
-------------------------+-------+-------++-------
Melee: Unarmed           |    66 |   111 ||   177
       Constrict         |    15 |    18 ||    33
       Kick              |     6 |     7 ||    13
       Tentacles         |    10 |     4 ||    14
       Punch             |       |     3 ||     3
 Cast: Beastly Appendage |    14 |    21 ||    35
       Wereblood         |     1 |     1 ||     2
       Spider Form       |     1 |     8 ||     9
  Use: Scroll            |     4 |     4 ||     8
       Potion            |     1 |     2 ||     3
 Stab: Sleeping          |     1 |     2 ||     3
Armor: Skin              |     9 |     6 ||    15
Dodge: Dodged            |    42 |    92 ||   134

Table legend: (Time is in decaauts)
 A = Elapsed time spent in this place.
 B = Non-inter-level travel time spent in this place.
 C = Inter-level travel time spent in this place.
 D = Time resting spent in this place.
 E = Time spent auto-exploring this place.
 F = Levels seen in this place.
 G = Mean time per level.
                   A        B        C        D        E       F      G
               +--------+--------+--------+--------+--------+-----+--------+
         Total |   4801 |   4740 |     61 |    566 |   3448 |   4 | 1200.2 |
       Dungeon |   4801 |   4740 |     61 |    566 |   3448 |   4 | 1200.2 |
               +--------+--------+--------+--------+--------+-----+--------+

Top non-repeatable levels by time:
     D:2: 2321 daAuts
     D:3: 1325 daAuts
     D:1: 1137 daAuts
     D:4: 16 daAuts
